 Seeded DCSS version 0.27.1-2-g3b301248ec (webtiles) character file.

Game seed: 17979796883088392625 (custom seed)

9 babuloseo the Poker (level 2, -5/24 HPs)
             Began as a Human Monk on Sept 26, 2021.
             Was a Believer of Cheibriados.
             Slain by an iguana (9 damage)
             ... on level 2 of the Dungeon.
             The game lasted 00:00:50 (196 turns).

babuloseo the Poker (Human Monk)                     Turns: 196, Time: 00:00:51

Health: -5/24      AC:  2    Str: 17    XL:     2   Next: 20%
Magic:  2/2        EV: 13    Int: 16    God:    Cheibriados [**....]
Gold:   6          SH:  0    Dex: 21    Spells: 1/1 levels left

rFire    . . .     SeeInvis .   a - +0 spear
rCold    . . .     Faith    .   (no shield)
rNeg     . . .     Spirit   .   b - +0 robe
rPois    .         Reflect  .   (no helmet)
rElec    .         Harm     .   (no cloak)
rCorr    .         Rampage  .   (no gloves)
Will     .....                  (no boots)
Stlth    ++........             (no amulet)
HPRegen  0.08/turn              (no ring)
MPRegen  0.08/turn              (no ring)

@: very slow
A: no striking features
a: Renounce Religion, Bend Time


You were on level 2 of the Dungeon.
You worshipped Cheibriados.
Cheibriados was pleased with you.
You visited 1 branch of the dungeon, and saw 2 of its levels.

You collected 6 gold pieces.

Inventory:

Hand Weapons
 a - a +0 spear (weapon)
Armour
 b - a +0 robe (worn)
Magical Staves
 d - a staff of conjuration
Jewellery
 c - an amulet of regeneration
Potions
 e - a potion of invisibility {unknown}


   Skills:
 + Level 3.0 Fighting
 + Level 3.1(3.2) Polearms
 * Level 0.8(2.1) Staves
 + Level 3.1 Dodging
 + Level 2.1 Stealth


You had one spell level left.
You didn't know any spells.
Your spell library was empty.

Dungeon Overview and Level Annotations

Branches:
Dungeon (2/15)

Altars:
Cheibriados


Message History

Cheibriados thoroughly appreciates the change of pace.
You reach to attack!
The helpless frilled lizard fails to defend itself.
You hit the frilled lizard.
The frilled lizard is heavily wounded.
You barely miss the frilled lizard.
The frilled lizard is heavily wounded.
The frilled lizard misses you.
You closely miss the frilled lizard.
The frilled lizard is heavily wounded.
The frilled lizard bites you but does no damage.
The iguana bites you.
You hit the frilled lizard.
You kill the frilled lizard!
Cheibriados appreciates the change of pace.
The iguana bites you.
You hit the iguana.
The iguana is moderately wounded.
The iguana bites you.
You are too injured to fight recklessly!
You are too injured to fight recklessly!
You are too injured to fight recklessly!
You are too injured to fight recklessly!
You hit the iguana but do no damage.
The iguana is moderately wounded.
The iguana closely misses you.
You hit the iguana.
The iguana is moderately wounded.
The iguana bites you.
* * * LOW HITPOINT WARNING * * *
You closely miss the iguana.
The iguana is moderately wounded.
You closely miss the iguana.
The iguana is moderately wounded.
The iguana bites you.
* * * LOW HITPOINT WARNING * * *
You hit the iguana.
The iguana is heavily wounded.
The iguana bites you!
You die...

####### ########.....>.
.. .......#..<.... ..
#[@....... ..
########l#....... ..
##........#.......
#.#####..######.#.......
#..##...## #.#.......
##....### #.#.......
....### #.....#### ..#.#
#.....# ..#.# #...


You could see an iguana.

Vanquished Creatures
  A bat (D:2)
  An endoplasm (D:2)
  A giant cockroach (D:2)
  3 goblins (D:2)
  A frilled lizard (D:2)
7 creatures vanquished.

Notes
Turn   | Place    | Note
-------+----------+-------------------------------------------
     0 | D:1      | babuloseo the Human Monk began the quest for the Orb.
     0 | D:1      | Reached XP level 1. HP: 18/18 MP: 1/1
    99 | D:2      | Reached XP level 2. HP: 23/24 MP: 2/2
   103 | D:2      | Found a faded altar of an unknown god.
   113 | D:2      | Became a worshipper of Cheibriados the Contemplative
   113 | D:2      | Reached * piety under Cheibriados
   113 | D:2      | Reached ** piety under Cheibriados
   196 | D:2      | Slain by an iguana

Illustrated notes

Levels and vault maps discovered:
D:1:      minmay_arrival_cross, layout_loops_ring
D:2:      layout_rooms, shapermc_ecumenical_altar_venn

Action                   || total
-------------------------++-------
Melee: Spear             ||    27
 Stab: Sleeping          ||     2
Armor: Robe              ||     2
Dodge: Dodged            ||    12
